 Dungeon Crawl Stone Soup version 0.30-a0-860-g512cf1e979 (webtiles) character file.

Game seed: 927122395464804650

506 M4edhros the Sneak (level 7, -7/49 HPs)
             Began as an Octopode Monk on Mar 7, 2023.
             Mangled by a gnoll
             ... wielding a +0 halberd
              (11 damage)
             ... on level 5 of the Dungeon.
             The game lasted 00:03:32 (1447 turns).

M4edhros the Sneak (Octopode Monk)                  Turns: 1447, Time: 00:03:32

Health: -7/49      AC:  1    Str:  9 (10) XL:     7   Next: 18%
Magic:  7/7        EV: 20    Int: 13      God:
Gold:   84         SH:  0    Dex: 16      Spells: 6/6 levels left

rFire   . . .      SeeInvis .      - Unarmed
rCold   . . .      Faith    .    (no shield)
rNeg    . . .      Spirit   .    (helmet restricted)
rPois   .          Reflect  .    (no amulet)
rElec   .          Rampage  .    c - +5 ring of evasion
rCorr   .                        (no ring)
Will    .....                    (no ring)
Stlth   ++++                     (no ring)
HPRegen 0.28/turn                (no ring)
MPRegen 0.10/turn                (no ring)
                                 (no ring)
                                 (no ring)

@: no status effects
A: almost no armour, amphibious, 8 rings, camouflage 1, gelatinous body 1,
(nimble swimmer 1), tentacles
a: no special abilities


You were on level 5 of the Dungeon.
You visited 1 branch of the dungeon, and saw 5 of its levels.

You collected 84 gold pieces.

Inventory:

Jewellery
 c - a +5 ring of evasion (left tentacle)
Potions
 g - a potion of flight


   Skills:
 + Level 4.6 Fighting
 + Level 4.7 Dodging
 + Level 5.8 Stealth
 + Level 4.7 Unarmed Combat


You had 6 spell levels left.
You didn't know any spells.
Your spell library was empty.

Dungeon Overview and Level Annotations

Branches:
Dungeon (5/15)
 Temple: D:4-7

Altars:
Ru

Shops:
D:5 *


Innate Abilities, Weirdness & Mutations

You cannot wear most types of armour.
You are amphibious.
You can wear up to eight rings at the same time.
Your skin changes colour to match your surroundings (Stealth+).
Your rubbery body absorbs attacks. (AC +1, EV +1)
((You are camouflaged when in or above water. (Stealth+)))
You have tentacles for arms and can constrict up to eight enemies at once.


Message History

The centaur closely misses you.
You tentacle-slap the centaur but do no damage.
Your squeeze misses the centaur.
The centaur is heavily wounded.
The gnoll closely misses you. The centaur completely misses you.
The centaur barely misses you.
Unknown command.
You tentacle-slap the centaur.
The centaur is almost dead.
The centaur completely misses you. The centaur misses you.
The gnoll barely misses you. The centaur misses you.
The centaur barely misses you.
Unknown command.
You tentacle-slap the centaur but do no damage.
You squeeze the centaur.
You kill the centaur!
The gnoll closely misses you.
You feel your intelligence returning.
You have reached level 7!
You tentacle-slap the gnoll. You grab the gnoll.
The gnoll is lightly wounded.
You constrict the gnoll, but do no damage.
The gnoll hits you with a +0 whip.
* * * LOW HITPOINT WARNING * * *
The gnoll misses you.
Unknown command.
You tentacle-slap the gnoll.
The gnoll is moderately wounded.
You constrict the gnoll. The gnoll misses you. The gnoll closely misses you.
Unknown command.
You tentacle-slap the gnoll. You squeeze the gnoll.
You kill the gnoll!
The gnoll closely misses you.
Unknown command.
The gnoll hits you with a +0 halberd!
* * * LOW HITPOINT WARNING * * *
Items here: ))) †.
You closely miss the gnoll. You grab the gnoll. You constrict the gnoll.
The gnoll hits you with a +0 halberd!
You die...

#..........# ###
#..........# ..#
#$.........# ..######
#..c.......# ..##...###
#...........
.........#####...........
..##...#.........?...^...
####....# #######g.#..###
####....# ####.@........
.##.....# ##..[.####.##.#
........###.....# .#
...####.##...#### . ...#
##.##.#.# #
...)##.......#
.......##....#
.....##...##.#
....###.####.#


You could see a gnoll.

Vanquished Creatures
  A centaur (D:5)
  A phantom (D:4)
  A scorpion (D:4)
  A jelly (D:4)
  An orc priest (D:4)
  An iguana (D:3)
  2 orc wizards (D:4)
  Robin (D:2)
  5 gnolls
  5 adders
  3 worms
  2 orcs (D:4)
  2 giant cockroaches
  14 goblins
  5 jackals (D:2)
  A quokka (D:4)
  4 ball pythons
  4 bats
  A frilled lizard (D:2)
  3 kobolds
  4 rats
62 creatures vanquished.

Notes
Turn   | Place    | Note
-------+----------+-------------------------------------------
     0 | D:1      | M4edhros the Octopode Monk began the quest for the Orb.
     0 | D:1      | Reached XP level 1. HP: 16/16 MP: 1/1
    77 | D:2      | Noticed Robin
    80 | D:2      | Reached skill level 3 in Stealth
    80 | D:2      | Reached XP level 2. HP: 17/21 MP: 2/2
    81 | D:2      | Found a faded altar of an unknown god.
   286 | D:2      | Reached XP level 3. HP: 20/26 MP: 3/3
   493 | D:2      | Killed Robin
   494 | D:2      | Reached XP level 4. HP: 15/31 MP: 4/4
   742 | D:3      | Reached skill level 4 in Stealth
   910 | D:4      | Noticed a phantom
   924 | D:4      | Reached XP level 5. HP: 17/37 MP: 5/5
   952 | D:4      | HP: 1/37 [phantom (3)]
   954 | D:4      | Killed a phantom
   975 | D:4      | Reached XP level 6. HP: 33/43 MP: 6/6
   991 | D:4      | Reached skill level 5 in Stealth
  1067 | D:5      | Entered Level 5 of the Dungeon
  1067 | D:5      | Found Nuntar's Assorted Antiques.
  1157 | D:4      | Found a sacrificial altar of Ru.
  1364 | D:5      | Found Laixzesa's Armour Emporium.
  1443 | D:5      | Reached XP level 7. HP: 14/49 MP: 7/7
  1447 | D:5      | Mangled by a gnoll

Illustrated notes

Levels and vault maps discovered:
D:1:      minmay_arrival_glassed_features, layout_basic
D:2:      layout_rooms, hellmonk_ecumenical_altar_dog_temple, uniq_robin
D:3:      layout_basic, minmay_quantized, uniq_sigmund
D:4:      layout_loops_ring, nicolae_ru_great_annihilating_truth
D:5:      layout_rooms, temple_statues, serial_shops, nicolae_stop_n_shop_1,
          kennysheep_little_box, nicolae_stop_n_shop_2, shop,
          nicolae_stop_n_shop_1

Skill      XL: |  1  2  3  4  5  6 |
---------------+-------------------+-----
Stealth        | 3 4 5 |  5.8
Fighting       | 4 |  4.6
Dodging        | 4 |  4.7
Unarmed Combat | 4 |  4.7

Action                     |  1- 3 |  4- 6 |  7- 9 || total
---------------------------+-------+-------+-------++-------
  Melee: Unarmed           |    71 |   109 |     4 ||   184
         Constrict         |    25 |    20 |     2 ||    47
         Tentacles         |    18 |    35 |     1 ||    54
         Punch             |     2 |     5 |       ||     7
  Throw: Dart              |       |     4 |       ||     4
    Use: Potion            |       |     7 |       ||     7
         Scroll            |       |     5 |       ||     5
   Stab: Sleeping          |     2 |     6 |       ||     8
         Paralysed         |       |     1 |       ||     1
 Armour: Skin              |     5 |     4 |       ||     9
  Dodge: Dodged            |    62 |   130 |     4 ||   196

Table legend: (Time is in decaauts)
 A = Elapsed time spent in this place.
 B = Non-inter-level travel time spent in this place.
 C = Inter-level travel time spent in this place.
 D = Time resting spent in this place.
 E = Time spent auto-exploring this place.
 F = Levels seen in this place.
 G = Mean time per level.
                   A        B        C        D        E       F      G
               +--------+--------+--------+--------+--------+-----+--------+
         Total |   1433 |   1339 |     94 |    105 |    780 |   5 |  286.6 |
       Dungeon |   1433 |   1339 |     94 |    105 |    780 |   5 |  286.6 |
               +--------+--------+--------+--------+--------+-----+--------+

Top non-repeatable levels by time:
     D:4: 548 daAuts
     D:2: 324 daAuts
     D:3: 278 daAuts
     D:1: 188 daAuts
     D:5: 93 daAuts
